 Dungeon Crawl Stone Soup version 0.25-a0-578-gc91f01c39c (webtiles) character file.

Game seed: 16509039914485956483, levelgen mode: deterministic

177 surprisetrex the Conjurer (level 5, -28/57 HPs)
             Began as a Draconian Fire Elementalist on Mar 5, 2020.
             Killed from afar by a quokka (42 damage)
             ... with an exploding inner flame
             ... hexed by the player character
             ... on level 6 of the Dungeon.
             The game lasted 00:10:56 (3054 turns).

surprisetrex the Conjurer (DrFE)                    Turns: 3054, Time: 00:10:56

Health: -28/57     AC: 22    Str: 11    XL:     5   Next: 30%
Magic:  17/17      EV:  2    Int: 20    God:
Gold:   131        SH:  0    Dex: 11    Spells: 0/8 levels left

rFire    . . .     SeeInvis .   w - staff of conjuration
rCold    . . .     Gourm    .   (no shield)
rNeg     + + +     Faith    .   (armour unavailable)
rPois    +         Spirit   .   (helmet currently unavailable)
rElec    .         Reflect  .   (cloak currently unavailable)
rCorr    .         Harm     .   (gloves currently unavailable)
MR       .....     NoTele   +   (boots currently unavailable)
Stlth    ++........             (no amulet)
HPRegen  0.19/turn              o - ring of magical power
MPRegen  0.15/turn              t - +4 ring of intelligence

@: lethally poisoned (-28 -> -35), tree-form
A: unfitting armour, AC +5
a: no special abilities


You were on level 6 of the Dungeon.
You were very hungry.
You were a tree.
You visited 1 branch of the dungeon, and saw 5 of its levels.

You collected 131 gold pieces.

Inventory:

Hand Weapons
 a - a +0 spear
Missiles
 u - 5 javelins (quivered)
Magical Staves
 w - an uncursed staff of conjuration (weapon)
Jewellery
 o - a ring of magical power (left branch)
 p - an uncursed ring of magical power
 t - a +4 ring of intelligence (right branch)
Wands
 j - a wand of paralysis (9)
Scrolls
 d - a scroll of enchant weapon
 n - a scroll of immolation
Potions
 c - a potion of haste {unknown}
 e - a potion of ambrosia {unknown}
 f - 2 potions of heal wounds {unknown}
 g - a potion of lignification
 h - 2 potions of might {unknown}
 i - a potion of resistance {unknown}
 k - 2 potions of curing {unknown}
 q - a potion of cancellation {unknown}
Comestibles
 b - 5 rations


   Skills:
 - Level 1.7 Dodging
 - Level 1.7 Stealth
 - Level 2.0 Spellcasting
 * Level 4.3 Conjurations
 + Level 4.2 Fire Magic


You couldn't memorise any spells.
You knew the following spells:

 Your Spells              Type           Power        Failure   Level  Hunger
a - Foxfire               Conj/Fire      ####         2%          1    #......
b - Conjure Flame         Conj/Fire      ####....     9%          3    ###....
c - Sticky Flame          Conj/Fire      ####....     26%         4    #####..

Your spell library contained the following spells:

 Spells                   Type           Power        Failure   Level  Hunger
 Inner Flame              Hex/Fire       ##......     21%         3    ###....
 Fireball                 Conj/Fire      ####......   58%         5    ######.


Dungeon Overview and Level Annotations

Branches:
Dungeon (4/15)
 Temple: D:4-7

Altars:
Dithmenos
Elyvilon
Fedhas
Uskayaw

Annotations:
D:4 Edmund


Innate Abilities, Weirdness & Mutations

((Your plain brown scales are hard. (AC +5)))
You cannot fit into any form of body armour.
((You are cold-blooded and may be slowed by cold attacks.))


Message History

The orc wizard hits you but does no damage.
The orc wizard casts a spell at you. The magic dart hits you!
* * * LOW HITPOINT WARNING * * *
You hit the orc wizard but do no damage.
The orc wizard is lightly wounded.
You feel sick.
The quokka twitches its whiskers.
The quokka bites you but does no damage.
The quokka bites you.
* * * LOW HITPOINT WARNING * * *
The orc wizard hits you but does no damage.
You hit the quokka.
Flame seeps out of the quokka.
The quokka is heavily wounded.
You feel sick.
The quokka is engulfed in blazing flames.
The quokka explodes!
The fiery explosion engulfs you!!!
Ouch! That really hurt!
You die...

).......(....#
.....[.......#
.............#
#.........>..#
#............#
#......§§§...#
#......§○§%..#
#......♣§§...#
.......o.......
#......o.......
#..###...###...
#. #...# .. #
#...# . #...#
#..S#


You could see a water moccasin (inner flame), an orc wizard and an orc.

Vanquished Creatures
  Natasha (twice) (D:2)
  3 gnolls (D:3)
  2 adders (D:2)
  4 worms
  2 dart slugs (D:1)
  4 leopard geckos
  2 orcs (D:3)
  A ball python (D:1)
  2 giant cockroaches
  8 goblins
  5 hobgoblins
  4 jackals (D:1)
  A quokka (D:3)
  4 bats
  7 frilled lizards
  5 kobolds
  4 rats
60 creatures vanquished.

Vanquished Creatures (others)
  123 foxfires
123 creatures vanquished.

Grand Total: 183 creatures vanquished

Notes
Turn   | Place    | Note
-------+----------+-------------------------------------------
     0 | D:1      | surprisetrex the Draconian Fire Elementalist began the
                  | quest for the Orb.
     0 | D:1      | Reached XP level 1. HP: 14/14 MP: 3/3
   297 | D:1      | Reached XP level 2. HP: 20/20 MP: 3/5
   699 | D:1      | Reached XP level 3. HP: 26/26 MP: 4/6
   807 | D:2      | Found a hide-covered altar of Uskayaw.
  1096 | D:2      | Noticed Natasha
  1108 | D:2      | Killed Natasha
  1108 | D:2      | Reached XP level 4. HP: 23/33 MP: 3/7
  1114 | D:2      | Noticed Natasha
  1129 | D:2      | Killed Natasha
  1424 | D:2      | Found a white marble altar of Elyvilon.
  1569 | D:2      | Found a blossoming altar of Fedhas.
  2020 | D:3      | Learned a level 3 spell: Conjure Flame
  2124 | D:3      | Reached XP level 5. HP: 27/38 MP: 8/8
  2249 | D:3      | Found a shadowy altar of Dithmenos.
  2379 | D:3      | Learned a level 4 spell: Sticky Flame
  2936 | D:4      | Noticed Edmund
  3040 | D:4      | You fall into a shaft and drop 2 floors!
  3041 | D:6      | Noticed a water moccasin
  3054 | D:6      | Killed from afar by a quokka

Levels and vault maps discovered:
D:1:      dpeg_arrival_erosion, layout_basic
D:2:      layout_loops_ring, elyvilon_altar_5, nicolae_overflow_hidden_temple,
          eat_drink_and_be_merry_uskayaw, first_ration, uniq_natasha
D:3:      layout_basic, grunt_dithmenos_smoke, kennysheep_decorative_pillar
D:4:      layout_rooms, overflow_temple_1_default, interstate_on_off,
          chequers_serial_rivers_small_3, uniq_eustachio, uniq_edmund
D:6:      layout_basic, grunt_temple_overflow_magic_moments, zin_statuary,
          temple_doors_e, uniq_blork_the_orc

Skill      XL: |  1  2  3  4 |
---------------+-------------+-----
Conjurations   | 2 3 4 |  4.3
Fire Magic     | 4 |  4.2
Dodging        | |  1.7
Stealth        | |  1.7
Spellcasting   | |  2.0

Action                   |  1- 3 |  4- 6 || total
-------------------------+-------+-------++-------
Melee: Spear             |    45 |    92 ||   137
       Tailslap          |     3 |     5 ||     8
       Staff             |       |     4 ||     4
 Cast: Foxfire           |    35 |    49 ||    84
  Use: Scroll            |       |     6 ||     6
       Potion            |       |     1 ||     1
 Stab: Sleeping          |     1 |     3 ||     4
  Eat: Chunk             |     1 |     6 ||     7
Armor: Skin              |    12 |    25 ||    37
Dodge: Dodged            |    28 |    45 ||    73

Table legend:
 A = Non-vault XP
 B = Vault XP
 C = Vault XP percentage of total XP
 D = Non-vault monster count
 E = Vault monster count
 F = Vault count percentage of total count
                 A         B        C        D         E       F
            +---------+---------+-------+---------+---------+-------
      Total |     218 |      35 |  13.8 |      59 |       1 |   1.7
            +---------+---------+-------+---------+---------+-------
        D:1 |      41 |       0 |   0.0 |      21 |       0 |   0.0
        D:2 |      80 |      35 |  30.4 |      13 |       1 |   7.1
        D:3 |      97 |       0 |   0.0 |      25 |       0 |   0.0
            +---------+---------+-------+---------+---------+-------
